 Dungeon Crawl Stone Soup version 0.30.0 (webtiles) character file.

Game seed: 3476106438698699773

11827 Dani the Cleaver (level 11, -7/80 HPs)
             Began as a Demonspawn Fighter on May 20, 2023.
             Was an Initiate of Gozag.
             Mangled by Rupert
             ... wielding a +2 great mace of holy wrath
              (32 damage)
             ... on level 14 of the Dungeon.
             The game lasted 00:13:57 (7567 turns).

Dani the Cleaver (Demonspawn Fighter)               Turns: 7567, Time: 00:13:57

Health: -7/80      AC: 14    Str: 16    XL:     11   Next: 54%
Magic:  16/16      EV: 15    Int: 14    God:    Gozag
Gold:   897        SH:  5    Dex: 13    Spells: 17/17 levels left

rFire   + . .        j - +10 broad axe "Qokugruc" {freeze, rPois rF+ rC+ rN+}
rCold   + + .        c - +0 buckler
rNeg    + + .        m - +2 scale mail {rN+}
rPois   +            (helmet restricted)
rElec   .            (no cloak)
rCorr   .            (no gloves)
SInv    .            r - +0 pair of boots
Will    +....        y - amulet of regeneration Stlth
                     k - ring of willpower
HPRegen 3.13/turn    i - +5 ring of evasion
MPRegen 0.15/turn

%: no passive effects
@: no status effects
A: antennae 1, icy blue scales 3, powered by death 2, spiny 1
a: Renounce Religion, Potion Petition, Call Merchant, Bribe Branch


You were on level 14 of the Dungeon.
You worshipped Gozag.
Gozag was pleased with you.
You visited 2 branches of the dungeon, and saw 13 of its levels.

You collected 1808 gold pieces.
You spent 163 gold pieces at shops.
You paid 748 gold pieces to Gozag.

Inventory:

Hand Weapons
 a - a +1 war axe
 j - the +10 broad axe "Qokugruc" (weapon) {freeze, rPois rF+ rC+ rN+}
   (You acquired it on level 3 of the Dungeon)

   rF:        It protects you from fire.
   rC:        It protects you from cold.
   rPois:     It protects you from poison.
   rN:        It protects you from negative energy.
Missiles
 g - 26 poisoned darts (quivered)
 x - 2 curare-tipped darts
 J - 4 javelins
Armour
 b - a +1 scale mail
 c - a +0 buckler (worn)
 m - a +2 scale mail of positive energy (worn)
   (You found it on level 7 of the Dungeon)
 r - a +0 pair of boots (worn)
   (You found it on level 4 of the Dungeon)
 C - a +0 helmet
   (You found it on level 3 of the Dungeon)
Jewellery
 f - an amulet of guardian spirit
   (You found it on level 1 of the Dungeon)
 i - a +5 ring of evasion (right hand)
   (You found it on level 2 of the Dungeon)
 k - a ring of willpower (left hand)
   (You found it on level 2 of the Dungeon)
 s - a ring of see invisible
   (You found it on level 7 of the Dungeon)
 y - an amulet of regeneration (around neck)
   (You found it on level 1 of the Dungeon)
 z - a ring of willpower
   (You found it on level 7 of the Dungeon)
Wands
 n - a wand of mindburst (21)
   (You found it on level 8 of the Dungeon)
 t - a wand of quicksilver (6)
   (You found it on level 5 of the Dungeon)
 w - a wand of charming (12)
   (You found it on level 5 of the Dungeon)
 D - a wand of digging (3)
   (You found it on level 6 of the Dungeon)
 I - a wand of iceblast (8)
   (You found it on level 5 of the Dungeon)
Scrolls
 l - 4 scrolls of enchant armour
 o - 2 scrolls of enchant weapon
 p - a scroll of fear
 q - a scroll of torment {unknown}
 A - a scroll of amnesia {unknown}
 B - a scroll of blinking
 G - a scroll of brand weapon {unknown}
 R - a scroll of identify {@r1}
 T - 2 scrolls of teleportation
Potions
 d - 3 potions of might
 e - 2 potions of heal wounds
 h - 2 potions of lignification
 u - 3 potions of mutation {!q}
 v - a potion of flight
 E - a potion of brilliance
 F - a potion of resistance
 H - a potion of haste
 Q - 5 potions of curing {@q1}


   Skills:
 + Level 5.2 Fighting
 * Level 14.0 Axes
 + Level 4.6 Armour
 + Level 3.6 Dodging
 + Level 4.6 Shields
 + Level 3.6 Spellcasting
 + Level 3.7 Earth Magic


You had 17 spell levels left.
You didn't know any spells.
Your spell library contained the following spells:

 Spells                   Type           Power      Damage    Failure   Level
 Apportation              Tloc           4%         N/A       65%         1
 Freeze                   Ice            8%         1d3       65%         1
 Necrotise                Necr           8%         1d4       65%         1
 Summon Small Mammal      Summ           8%         N/A       65%         1
 Blink                    Tloc           4%         N/A       78%         2
 Lesser Beckoning         Tloc           4%         N/A       78%         2
 Momentum Strike          Conj/Tloc      4%         3d8       78%         2
 Call Canine Familiar     Summ           2%         N/A       95%         3
 Frozen Ramparts          Ice            4%         1d1       95%         3
 Gell's Gravitas          Tloc           2%         N/A       95%         3
 Hailstorm                Conj/Ice       2%         3d3       95%         3
 Ignite Poison            Fire/Tmut/Pois 2%         N/A       95%         3
 Portal Projectile        Hex/Tloc       4%         N/A       95%         3
 Summon Guardian Golem    Hex/Summ       2%         N/A       95%         3
 Teleport Other           Tloc           2%         N/A       95%         3
 Vhi's Electric Charge    Tloc/Air       4%         N/A       95%         3
 Leda's Liquefaction      Hex/Erth       3%         N/A       99%         4
 Manifold Assault         Tloc           2%         N/A       100%        4
 Sticky Flame             Conj/Fire      2%         2d3       100%        4
 Arcjolt                  Conj/Air       1%         1d11      100%        5
 Dispersal                Tloc           1%         N/A       100%        6
 Storm Form               Tmut/Air       1%         N/A       100%        7
 Disjunction              Tloc           1%         N/A       100%        8
 Ignition                 Fire           1%         3d3       100%        8
 Maxwell's Capacitive Co  Air            1%         ∞         100%        8


Dungeon Overview and Level Annotations

Branches:
Dungeon (11/15)            Temple (1/1) D:4
   Lair: D:8-11         Orc: D:9-12

Altars:
Ashenzari
Cheibriados
Dithmenos
Fedhas
Gozag
Hepliaklqana
Kikubaaqudgha
Makhleb
Nemelex Xobeh
Okawaru
Qazlal
Ru
Sif Muna
Trog
Uskayaw
Vehumet
Wu Jian
Xom
Yredelemnul

Shops:
D:7 *=**   D:8 =

Annotations:
D:6 1 runed translucent door, Dani's ghost, novice DsFi
D:8 1 runed translucent door, exclusion: ice statue, PiratePeteNZ's ghost, novice OpFE
D:14 Rupert


Innate Abilities, Weirdness & Mutations

You have a pair of small antennae on your head.
You are completely covered in icy blue scales. (AC +4, rC+)
You regenerate health from kills.
You are partially covered in sharp spines.


Message History

The human is struck by your spines. The human closely misses you.
You barely miss the human.
The human is almost dead.
A human comes into view.
The human barely misses you.
You slash the human! You freeze the human.
You kill the human!
A human comes into view.
You slice the human!! You freeze the human!
You kill the human!
You hear a shout!
The centaur warrior wields a +0 longbow.
The centaur warrior shoots an arrow.
The arrow hits you!!
The human is distracted by your dazzling golden aura.
The human shouts!
You slash the human! You freeze the human.
The human is heavily wounded.
You hear a shout! x2
The centaur warrior is distracted by your dazzling golden aura.
A human comes into view.
You block the human's attack.
You slice the human!! You freeze the human!
You kill the human!
Rupert the Wild comes into view.
He is wielding a +2 great mace of holy wrath.
You see here 17 gold pieces.
You hit the centaur warrior. You freeze the centaur warrior.
The centaur warrior is no longer distracted by gold.
The centaur warrior is lightly wounded.
The centaur warrior unwields a +0 longbow.
The centaur warrior is struck by your spines.
The centaur warrior misses you. The centaur warrior closely misses you.
You slash Rupert! You freeze Rupert!
Rupert is lightly wounded.
The human is distracted by your dazzling golden aura. x2
The human shouts! x2
You hit Rupert. You freeze Rupert.
Rupert is moderately wounded.
A human comes into view.
The human is distracted by your dazzling golden aura.
You block Rupert's attack.
The centaur warrior is distracted by your dazzling golden aura.
The centaur warrior shouts!
You slash Rupert! You freeze Rupert.
Rupert is moderately wounded.
You hear a shout!
Rupert hits you with a +2 great mace of holy wrath.
You convulse.
A human comes into view.
You slash Rupert! You freeze Rupert!
Rupert is heavily wounded.
Rupert hits you with a +2 great mace of holy wrath!
You convulse!
You slash Rupert! You freeze Rupert.
Rupert is heavily wounded.
The human is no longer distracted by gold. x2
Rupert roars madly and goes into a rage!
Rupert goes berserk!
You closely miss Rupert.
Rupert is heavily wounded.
The human is no longer distracted by gold.
Rupert closely misses you.
You slash Rupert! You freeze Rupert.
Rupert is severely wounded.
You block Rupert's attack.
You hit Rupert. You freeze Rupert.
Rupert is severely wounded.
The centaur warrior is no longer distracted by gold.
Rupert hits you with a +2 great mace of holy wrath!
You convulse.
Rupert hits you with a +2 great mace of holy wrath!!
* * * LOW HITPOINT WARNING * * *
You convulse!!
* * * LOW HITPOINT WARNING * * *
You are too injured to fight recklessly!
You are too injured to fight recklessly!
You are too injured to fight recklessly!
Blink to where?
Press: ? - help, Dir - move target
As you read the scroll of blinking, it crumbles to dust.
Aiming: Quicksilver Bolt
Press: ? - help, Shift-Dir - straight line, f - Rupert
Aim: Rupert, wielding a +2 great mace of holy wrath and wearing a +0 ring mail (translocational energy, severely wounded, berserk, 75% to hit)
The bolt of dispelling energy hits Rupert!!
Rupert is almost dead.
Aiming: Quicksilver Bolt
Press: ? - help, Shift-Dir - straight line, f/p - Rupert
Aim: Rupert, wielding a +2 great mace of holy wrath and wearing a +0 ring mail (severely wounded, berserk, 75% to hit)
The bolt of dispelling energy hits Rupert!
Rupert is almost dead.
You hear a shout!
Aiming: Iceblast
Press: ? - help, Shift-Dir - straight line, f/p - Rupert
Aim: Rupert, wielding a +2 great mace of holy wrath and wearing a +0 ring mail (almost dead, berserk)
The mass of ice explodes!
The iceblast engulfs Rupert!
Rupert is almost dead.
You hear a shout!
Rupert rages.
Rupert hits you with a +2 great mace of holy wrath!!
You die...
Your body crumbles into a pile of gold.

#.##
##.##
#...#
#..^#
#...#
###.#
####$####
#.@.u.p[#
#@##.##.#
#.##.#


ucp #.##.. ppp.. #.#### ....... #.# .#...#. #.. .##### ### ## You could see
Rupert (berserk), a red ugly thing and a human.

Vanquished Creatures
  2 two-headed ogres
  4 ugly things
  A manticore (D:11)
  A guardian serpent (D:11)
  Maggie (D:6)
  An unseen horror (D:11)
  A troll (D:9)
  A hornet (D:10)
  3 humans (D:14)
  A wyvern (D:9)
  A steam dragon (D:8)
  14 yaks
  7 vampire mosquitoes
  An acid dragon (D:9)
  A water moccasin (D:7)
  4 orc warriors
  A sky beast (D:8)
  2 black bears (D:6)
  An ice beast (D:6)
  2 centaurs
  3 phantoms
  4 kobold brigands
  4 bullfrogs
  A gnoll sergeant (D:8)
  A scorpion (D:6)
  13 wights
  3 killer bees (D:9)
  3 jellies
  5 hounds
  6 orc priests
  An iron imp (D:6)
  4 iguanas
  12 orc wizards
  A sleepcap (D:4)
  9 gnolls
  6 adders
  A shadow imp (D:7)
  An ufetubus (D:5)
  2 dart slugs
  47 orcs
  3 ball pythons
  8 bats
  2 endoplasms
  2 giant cockroaches (D:1)
  4 goblins
  6 hobgoblins
  3 jackals (D:3)
  A frilled lizard (D:1)
  18 kobolds
  3 rats
227 creatures vanquished.

Vanquished Creatures (others)
  2 plants (D:8)
  2 withered plants (D:6)
4 creatures vanquished.

Grand Total: 231 creatures vanquished

Notes
Turn   | Place    | Note
-------+----------+-------------------------------------------
     0 | D:1      | Dani the Demonspawn Fighter began the quest for the Orb.
     0 | D:1      | Reached XP level 1. HP: 18/18 MP: 1/1
   123 | D:1      | Reached skill level 2 in Axes
   523 | D:1      | Gained mutation: You regenerate a little health from kills.
                  | [demonic ancestry]
   523 | D:1      | Reached XP level 2. HP: 24/24 MP: 2/2
   963 | D:2      | Reached skill level 3 in Axes
  1581 | D:3      | Reached XP level 3. HP: 27/29 MP: 3/3
  1608 | D:3      | Identified a scroll of acquirement
  1608 | D:3      | Acquired the +10 broad axe "Qokugruc" {freeze, rPois rF+
                  | rC+ rN+}
  1832 | D:3      | Found a burning altar of Makhleb.
  1840 | D:3      | Found a basalt altar of Yredelemnul.
  1980 | D:4      | Noticed a phantom
  1993 | D:4      | Killed a phantom
  1994 | D:4      | Reached skill level 4 in Axes
  1994 | D:4      | Gained mutation: You are partially covered in icy blue
                  | scales. (AC +2) [demonic ancestry]
  1994 | D:4      | Reached XP level 4. HP: 35/35 MP: 4/4
  2013 | D:4      | Reached skill level 5 in Axes
  2013 | D:4      | Gained mutation: You are mostly covered in icy blue scales.
                  | (AC +3) [demonic ancestry]
  2013 | D:4      | Reached XP level 5. HP: 27/41 MP: 5/5
  2078 | D:4      | Found a staircase to the Ecumenical Temple.
  2100 | Temple   | Entered the Ecumenical Temple
  2324 | Temple   | Became a worshipper of Gozag Ym Sagoz the Greedy
  2359 | D:4      | Found an ornate altar of the Wu Jian Council.
  2537 | D:4      | Reached XP level 6. HP: 46/47 MP: 6/6
  2571 | D:4      | Reached skill level 6 in Axes
  2862 | D:5      | Entered Level 5 of the Dungeon
  3243 | D:5      | Reached skill level 7 in Axes
  3251 | D:5      | Gained mutation: You regenerate health from kills. [demonic
                  | ancestry]
  3251 | D:5      | Reached XP level 7. HP: 47/52 MP: 7/7
  3815 | D:6      | Reached skill level 8 in Axes
  3920 | D:6      | Gained mutation: You are completely covered in icy blue
                  | scales. (AC +4, rC+) [demonic ancestry]
  3920 | D:6      | Reached XP level 8. HP: 58/58 MP: 8/8
  3984 | D:6      | Reached skill level 9 in Axes
  3995 | D:6      | Noticed Maggie
  4008 | D:6      | Killed Maggie
  4232 | D:6      | Found a runed translucent door.
  4232 | D:6      | Noticed Dani's ghost (novice DsFi)
  4302 | D:6      | Reached skill level 10 in Axes
  4612 | D:6      | Found a snail-covered altar of Cheibriados.
  4745 | D:7      | Found Sozose's General Store.
  4862 | D:7      | Reached skill level 11 in Axes
  4862 | D:7      | Gained mutation: You are partially covered in sharp spines.
                  | [demonic ancestry]
  4862 | D:7      | Reached XP level 9. HP: 63/63 MP: 9/9
  4900 | D:7      | Found Gapsedory's Assorted Antiques.
  4927 | D:7      | Bought a scroll labelled QEOGHEZXARR for 33 gold pieces
  5068 | D:7      | Found Evokhum's Jewellery Shop.
  5090 | D:7      | Found Ydaudulo's General Store.
  5098 | D:7      | Bought a potion of haste for 130 gold pieces
  5212 | D:8      | Noticed an ice devil
  5214 | D:8      | Noticed an ice devil
  5215 | D:8      | Noticed an ice devil
  5216 | D:8      | Noticed an ice devil
  5217 | D:8      | Noticed an ice devil
  5218 | D:8      | Noticed an ice devil
  5229 | D:8      | Noticed an ice statue
  5279 | D:8      | Noticed an ice devil
  5380 | D:8      | Found a runed translucent door.
  5380 | D:8      | Noticed PiratePeteNZ's ghost (novice OpFE)
  5395 | D:8      | Reached skill level 12 in Axes
  5651 | D:8      | Reached skill level 13 in Axes
  6114 | D:9      | Reached XP level 10. HP: 66/70 MP: 10/10
  6119 | D:9      | Reached skill level 3 in Armour
  6119 | D:9      | Reached skill level 3 in Shields
  6119 | D:9      | Reached skill level 1 in Spellcasting
  6122 | D:9      | Reached skill level 1 in Dodging
  6122 | D:9      | Reached skill level 1 in Earth Magic
  6175 | D:9      | Found a hazy altar of Hepliaklqana.
  6218 | D:9      | Noticed a two-headed ogre
  6226 | D:9      | Killed a two-headed ogre
  6430 | D:9      | Reached skill level 2 in Spellcasting
  6499 | D:9      | Reached skill level 2 in Dodging
  6499 | D:9      | Reached skill level 2 in Earth Magic
  6639 | D:10     | Entered Level 10 of the Dungeon
  6647 | D:10     | Reached skill level 4 in Fighting
  6796 | D:10     | Paralysed by a hornet for 1 turns
  7039 | D:10     | Noticed a red ugly thing
  7047 | D:10     | Killed a red ugly thing
  7130 | D:10     | Reached skill level 4 in Shields
  7132 | D:10     | Reached skill level 4 in Armour
  7135 | D:10     | Gained mutation: You have a pair of small antennae on your
                  | head. [demonic ancestry]
  7135 | D:10     | Reached XP level 11. HP: 78/78 MP: 15/15
  7141 | D:10     | Reached skill level 3 in Earth Magic
  7234 | D:11     | Noticed a two-headed ogre
  7240 | D:11     | Killed a two-headed ogre
  7241 | D:11     | Reached skill level 3 in Spellcasting
  7332 | D:11     | Reached skill level 3 in Dodging
  7497 | D:11     | You fall into a shaft and drop 3 floors!
  7527 | D:14     | Noticed a red ugly thing
  7527 | D:14     | Noticed a red ugly thing
  7527 | D:14     | Noticed a red ugly thing
  7527 | D:14     | Noticed a red ugly thing
  7537 | D:14     | Killed a cyan ugly thing
  7538 | D:14     | Reached skill level 5 in Fighting
  7542 | D:14     | Killed a brown ugly thing
  7543 | D:14     | Reached skill level 14 in Axes
  7546 | D:14     | Killed a purple ugly thing
  7548 | D:14     | Noticed a centaur warrior
  7554 | D:14     | Noticed Rupert
  7563 | D:14     | HP: 10/80 [Rupert/+2 great mace of holy wrath (20)]
  7567 | D:14     | Mangled by Rupert

Illustrated notes

Levels and vault maps discovered:
D:1:      dpeg_arrival_more_subterranean_lakeside_camping, layout_loops_corners
D:2:      layout_loops_ring
D:3:      layout_basic, nicolae_overflow_squiral
D:4:      layout_loops_ring, nicolae_wu_jian_wuxing_cycle,
          minmay_temple_entry_mini_moons, hangedman_decor_points
D:5:      layout_basic
D:6:      layout_loops_ring, slow_altar_2, gammafunk_ghost_grave, hex_large,
          hangedman_glass_teeth, uniq_maggie
D:7:      layout_rooms, serial_shops, nicolae_shop_tiny_statue_garden,
          kennysheep_mini, shop, shop, minmay_misc_feat_diagonals
D:8:      cheibrodos_frozen_isle, layout_loops_ring, hellmonk_ghost_big_iron
D:9:      layout_rooms, nicolae_overflow_crystal_walls, grunt_ministairs_5
D:10:     layout_basic, mainiacjoe_overflow_surrounded_room,
          roderic_filled_cross
D:11:     layout_layer_cave, david_lair_generic, nrook_guardian_serpent_double
D:14:     layout_loops_cross, david_vaults_3, chequers_serial_rivers_micro_b,
          uniq_louise
Temple:   nicolae_temple_slightly_damp_pantheon

Skill      XL: |  1  2  3  4  5  6  7  8  9 10 11 |
---------------+----------------------------------+-----
Axes           | 2 3 4 5 7 8 11 13 14 | 14.0
Armour         | 4 |  4.6
Shields        | 4 |  4.6
Spellcasting   | 2 3 |  3.6
Dodging        | 2 3 |  3.6
Earth Magic    | 2 3 |  3.7
Fighting       | 4 5 |  5.2

Action                     |  1- 3 |  4- 6 |  7- 9 | 10-12 || total
---------------------------+-------+-------+-------+-------++-------
  Melee: War axe           |    78 |       |       |       ||    78
         Broad axe         |    19 |    46 |   188 |   169 ||   422
  Throw: Javelin           |       |       |     1 |     3 ||     4
 Invoke: Call Merchant     |       |       |     1 |       ||     1
  Evoke: Wand              |       |       |       |     3 ||     3
    Use: Scroll            |     9 |       |     5 |     3 ||    17
         Potion            |     2 |       |     3 |       ||     5
   Stab: Distracted        |       |       |     4 |     1 ||     5
 Armour: Scale mail        |    55 |    25 |    62 |    49 ||   191
  Dodge: Dodged            |    48 |     9 |    89 |    90 ||   236
  Block: Buckler           |    25 |     4 |    35 |    26 ||    90

Levels and vault maps discovered:
D:1:      dpeg_arrival_more_subterranean_lakeside_camping, layout_loops_corners
D:2:      layout_loops_ring
D:3:      layout_basic, nicolae_overflow_squiral
D:4:      layout_loops_ring, nicolae_wu_jian_wuxing_cycle,
          minmay_temple_entry_mini_moons, hangedman_decor_points
D:5:      layout_basic
D:6:      layout_loops_ring, slow_altar_2, gammafunk_ghost_grave, hex_large,
          hangedman_glass_teeth, uniq_maggie
D:7:      layout_rooms, serial_shops, nicolae_shop_tiny_statue_garden,
          kennysheep_mini, shop, shop, minmay_misc_feat_diagonals
D:8:      cheibrodos_frozen_isle, layout_loops_ring, hellmonk_ghost_big_iron
D:9:      layout_rooms, nicolae_overflow_crystal_walls, grunt_ministairs_5
D:10:     layout_basic, mainiacjoe_overflow_surrounded_room,
          roderic_filled_cross
D:11:     layout_layer_cave, david_lair_generic, nrook_guardian_serpent_double
D:14:     layout_loops_cross, david_vaults_3, chequers_serial_rivers_micro_b,
          uniq_louise
Temple:   nicolae_temple_slightly_damp_pantheon

Table legend: (Time is in decaauts)
 A = Elapsed time spent in this place.
 B = Non-inter-level travel time spent in this place.
 C = Inter-level travel time spent in this place.
 D = Time resting spent in this place.
 E = Time spent auto-exploring this place.
 F = Levels seen in this place.
 G = Mean time per level.
                   A        B        C        D        E       F      G
               +--------+--------+--------+--------+--------+-----+--------+
         Total |   7658 |   7296 |    362 |      9 |   6012 |  13 |  589.1 |
       Dungeon |   7423 |   7070 |    353 |      9 |   5817 |  12 |  618.6 |
        Temple |    234 |    225 |      9 |      0 |    195 |   1 |  234.0 |
               +--------+--------+--------+--------+--------+-----+--------+

Top non-repeatable levels by time:
     D:6: 914 daAuts
     D:1: 910 daAuts
     D:8: 895 daAuts
     D:5: 882 daAuts
     D:4: 735 daAuts
     D:2: 709 daAuts
    D:10: 593 daAuts
     D:9: 536 daAuts
     D:7: 510 daAuts
     D:3: 406 daAuts
    D:11: 262 daAuts
  Temple: 234 daAuts
    D:14: 67 daAuts

Table legend:
 A = Kills in this place as a percentage of kills in the entire game.
 B = Kills by you in this place as a percentage of kills by you in the entire game.
 C = Kills by friends in this place as a percentage of kills by friends in the entire game.
 D = Other kills in this place as a percentage of other kills in the entire game.
 E = Experience gained in this place as a percentage of experience gained in the entire game.
 F = Experience gained in this place divided by the number of levels of this place that you have seen.
                   A       B       C       D       E      F
               +-------+-------+-------+-------+-------+----------------------
         Total | 100.0 | 100.0 |   N/A |   N/A | 100.0 | 1299.7
       Dungeon | 100.0 | 100.0 |   N/A |   N/A | 100.0 | 1408.0
               +-------+-------+-------+-------+-------+----------------------
